AoeStats
← 芒果芋圆冰

Lombardia

507697399Analyzed
4v4 RM · 12d ago on Sep 19, 2026· 38m 35s· 8 players
Game mode
Random Map
Map size
Large (8 player)
Population
200
Speed
Normal
Resources
Standard
Victory
Conquest
Starting age
Dark Age
Ending age
Imperial Age
RankedLock teamsTeams togetherTeam positionsShared explorationLock speedFull tech treeHidden civsTurbo modeCheats
Victory
Defeat
🇮🇳 Mongols · India
1321
+10
🇦🇺 Cumans · Australia
1274
+11
🇨🇳 Vietnamese · China
1104
+18
🇨🇳 Poles · China
1089
+18
🇵🇹 Koreans · Portugal
1205
-16
🇬🇧 Lithuanians · United Kingdom
1165
-15
🇨🇳 Slavs · China
1140
-13
🇯🇵 Byzantines · Japan
1126
-13
caolw9
7:55 Loom
10:10 Feudal Age
10:48 Double-Bit Axe
12:41 Bloodlines
17:54 Wheelbarrow
18:15 Horse Collar
20:52 Castle Age
22:44 Bow Saw
22:40 Heavy Plow
22:28 Town Watch
24:47 Hand Cart
29:40 Scale Barding Armor
29:45 Forging
29:34 Gold Mining
30:13 Husbandry
31:23 Gold Shaft Mining
32:25 Chain Barding Armor
32:41 Iron Casting
Zé Gui
8:54 Loom
11:21 Feudal Age
15:40 Castle Age
14:18 Double-Bit Axe
19:20 Fletching
20:33 Horse Collar
24:31 Bodkin Arrow
28:26 Bow Saw
29:17 Ballistics
30:24 Scale Mail Armor
31:02 Murder Holes
31:18 Masonry
37:06 Imperial Age
36:32 Chain Mail Armor
36:28 Forging
37:33 Arrowslits
38:49 Chemistry
37:53 Bracer
riden1109itou
5:45 Loom
11:41 Feudal Age
16:22 Castle Age
14:12 Double-Bit Axe
15:41 Wheelbarrow
19:33 Husbandry
23:44 Horse Collar
25:48 Scale Barding Armor
25:58 Forging
29:45 Gold Mining
34:28 Imperial Age
33:26 Chain Barding Armor
How Do You Turn This Off
9:04 Loom
10:49 Feudal Age
11:56 Double-Bit Axe
15:51 Castle Age
16:33 Pikeman
19:59 Elite Skirmisher
26:54 Bow Saw
28:52 Scale Mail Armor
32:43 Fletching
折枝
10:44 Feudal Age
15:05 Castle Age
13:19 Double-Bit Axe
13:16 Horse Collar
19:24 Bow Saw
20:04 Heavy Plow
20:48 Stone Mining
20:50 Gold Mining
23:36 Wheelbarrow
22:59 Loom
23:27 Bloodlines
23:17 Husbandry
24:31 Forging
24:27 Scale Barding Armor
26:30 Iron Casting
26:49 Hand Cart
26:19 Town Watch
27:06 Chain Barding Armor
28:25 Szlachta Privileges
30:45 Scale Mail Armor
34:17 Imperial Age
32:20 Light Cavalry
34:24 Cavalier
34:29 Winged Hussar
36:59 Blast Furnace
36:15 Chain Mail Armor
chanakya
8:57 Feudal Age
10:01 Loom
15:58 Double-Bit Axe
25:07 Castle Age
24:25 Horse Collar
26:32 Wheelbarrow
28:11 Hand Cart
28:07 Bow Saw
28:10 Heavy Plow
35:12 Imperial Age
34:07 Scale Barding Armor
34:13 Forging
34:15 Bloodlines
34:05 Husbandry
33:26 Light Cavalry
35:18 Chain Barding Armor
35:30 Heavy Camel Rider
38:52 Iron Casting
芒果芋圆冰
7:35 Loom
10:59 Feudal Age
9:16 Loom
9:20 Loom
11:56 Double-Bit Axe
11:52 Horse Collar
15:00 Castle Age
15:52 Crossbowman
19:08 Fletching
20:33 Gold Mining
22:13 Bow Saw
22:41 Bodkin Arrow
24:21 Padded Archer Armor
26:08 Ballistics
30:49 Leather Archer Armor
34:55 Imperial Age
32:33 Thumb Ring
Yoyokid
9:22 Feudal Age
9:56 Double-Bit Axe
14:14 Horse Collar
19:30 Castle Age
20:35 Gold Mining
20:56 Bow Saw
21:33 Scale Barding Armor
22:17 Forging
23:05 Wheelbarrow
22:20 Town Watch
22:48 Bloodlines
23:13 Chain Barding Armor
28:45 Iron Casting
35:35 Hand Cart
38:37 Imperial Age
37:15 Gold Shaft Mining
Connection lost

Rejoining the realm…

Still unreachable

The connection could not be restored.

Session expired

The server has moved on; the page needs a fresh start.